 Dungeon Crawl Stone Soup version 0.29-a0-284-gf9362112df (webtiles) character file.

Game seed: 8930915135249958877

2743 bande the Cleaver (level 9, -6/54 HPs)
             Began as a Gargoyle Fighter on Mar 29, 2022.
             Mangled by a troll (10 damage)
             ... on level 6 of the Dungeon.
             The game lasted 00:12:52 (6802 turns).

bande the Cleaver (Gargoyle Fighter)                Turns: 6802, Time: 00:12:52

Health: -6/54      AC: 20    Str: 20 (21) XL:     9   Next: 68%
Magic:  0/13       EV: 11    Int: 10      God:
Gold:   266        SH:  7    Dex: 13      Spells: 8/8 levels left

rFire   . . .      SeeInvis .   a - +1 war axe
rCold   . . .      Faith    .   c - +1 buckler
rNeg    + . .      Spirit   +   k - +0 chain mail
rPois   ∞          Reflect  .   (no helmet)
rElec   +          Harm     .   t - +0 cloak
rCorr   .          Rampage  .   (no gloves)
Will    .....                   (no boots)
Stlth   ..........              u - amulet of guardian spirit
HPRegen 0.18/turn               m - +4 ring of evasion
MPRegen 0.13/turn               (no ring)

@: no status effects
A: sickness immunity, AC +6, negative energy resistance 1, electricity
resistance, torment resistance 1, petrification resistance, iridescent scales 1,
deterioration 1, strong 1
a: no special abilities


You were on level 6 of the Dungeon.
You visited 2 branches of the dungeon, and saw 7 of its levels.

You collected 266 gold pieces.

Inventory:

Hand Weapons
 a - a +1 war axe (weapon)
 w - a +5 morningstar
Armour
 c - a +1 buckler (worn)
 k - a +0 chain mail (worn)
 t - a +0 cloak (worn)
Jewellery
 m - a +4 ring of evasion (left hand)
 s - a ring of fire
 u - an amulet of guardian spirit (around neck)
Scrolls
 b - 4 scrolls of magic mapping
 e - 5 scrolls of teleportation
 f - a scroll of amnesia
 o - a scroll of fog
 q - a scroll of silence
 v - 2 scrolls of identify
Potions
 d - 2 potions of might
 g - 2 potions of heal wounds
 h - 4 potions of curing
 i - a potion of ambrosia
 j - a potion of flight
 n - a potion of resistance
 p - a potion of cancellation
 r - a potion of degeneration {unknown}


   Skills:
 + Level 5.3 Fighting
 + Level 8.3 Axes
 + Level 8.2 Armour
 + Level 7.7 Shields
 * Level 6.2 Invocations
 * Level 5.1 Evocations


You had 8 spell levels left.
You didn't know any spells.
Your spell library contained the following spells:

 Spells                   Type           Power      Damage    Failure   Level
 Ensorcelled Hibernation  Hex/Ice        0%         N/A       99%         2
 Gell's Gravitas          Tloc           0%         N/A       100%        3
 Portal Projectile        Hex/Tloc       0%         N/A       100%        3
 Spider Form              Tmut/Pois      0%         N/A       100%        3
 Teleport Other           Tloc           0%         N/A       100%        3
 Anguish                  Hex/Necr       0%         N/A       100%        4
 Blade Hands              Tmut           0%         N/A       100%        5
 Excruciating Wounds      Necr           0%         N/A       100%        5
 Dispersal                Tloc           0%         N/A       100%        6


Dungeon Overview and Level Annotations

Branches:
Dungeon (6/15)             Temple (1/1) D:6

Altars:
Dithmenos
Elyvilon
Fedhas
Gozag
Hepliaklqana
Kikubaaqudgha
Makhleb
Nemelex Xobeh
Qazlal
Ru
Sif Muna
Trog
Uskayaw
Vehumet
Wu Jian
Xom
Yredelemnul
Zin

Shops:
D:3 [

Annotations:
D:6 1 transporter


Innate Abilities, Weirdness & Mutations

You are immune to sickness and miasma.
Your stone body is resilient. (AC +6)
You are immune to poison.
You resist negative energy. (rN+)
You are resistant to electric shocks. (rElec)
You are resistant to unholy torment.
You are immune to petrification.
You are partially covered in iridescent scales. (AC +2)
Your body sometimes deteriorates upon taking damage.
Your muscles are strong. (Str +2)


Message History

You feel your dexterity returning.
Unknown command.
The troll bites you but does no damage. The troll claws you but does no damage.
The troll barely misses you.
Things that are here:
a +0 long sword; a +0 chain mail; an orc corpse Unknown command.
You hit the troll.
The troll is heavily wounded.
The troll bites you. The troll barely misses you.
The troll claws you but does no damage.
You barely miss the troll.
The troll is heavily wounded.
The troll bites you. The troll misses you. The troll closely misses you.
You hit the troll.
The troll is heavily wounded.
The troll bites you but does no damage. You block the troll's attack.
The troll claws you.
You barely miss the troll.
The troll is heavily wounded.
The troll bites you but does no damage. The troll claws you.
* * * LOW HITPOINT WARNING * * *
The troll claws you.
* * * LOW HITPOINT WARNING * * *
You barely miss the troll.
The troll is heavily wounded.
You block the troll's attack. The troll claws you but does no damage.
The troll barely misses you. x2; The troll claws you but does no damage. x2
You hit the troll.
The troll is heavily wounded.
The troll bites you!
* * * LOW HITPOINT WARNING * * *
The troll closely misses you. The troll claws you.
* * * LOW HITPOINT WARNING * * *
You barely miss the troll.
The troll is heavily wounded.
The troll bites you.
* * * LOW HITPOINT WARNING * * *
The troll claws you but does no damage. The troll claws you!
You die...

###### ......
..!...#### .#
.........# ..#
.........# ...#
.........##...#
..........#.....
.......T@)......
........)......
##....(........
#.............
#......###....
#......#.##..#
#......#.. ..#
#.....##.## .#
#.....#


You could see a troll.

Vanquished Creatures
  Grinder (D:4)
  A black bear (D:5)
  4 ice beasts
  A sky beast (D:5)
  An orc warrior (D:6)
  An ogre (D:3)
  A centaur (D:6)
  3 necrophages
  3 scorpions
  3 wights (D:6)
  A gnoll shaman (D:4)
  4 hounds
  A jelly (D:5)
  4 iguanas
  An orc wizard (D:4)
  7 gnolls
  2 adders
  A white imp (D:5)
  4 dart slugs
  24 orcs
  7 ball pythons
  6 endoplasms
  A giant cockroach (D:1)
  2 goblins
  7 hobgoblins
  4 kobolds
  7 quokkas
  3 bats
  6 frilled lizards
  21 rats
132 creatures vanquished.

Notes
Turn   | Place    | Note
-------+----------+-------------------------------------------
     0 | D:1      | bande the Gargoyle Fighter began the quest for the Orb.
     0 | D:1      | Reached XP level 1. HP: 14/14 MP: 1/1
   176 | D:1      | Reached XP level 2. HP: 19/19 MP: 2/2
   975 | D:2      | Reached XP level 3. HP: 20/23 MP: 3/3
  1644 | D:3      | Reached XP level 4. HP: 11/29 MP: 4/4
  2212 | D:3      | Found Miemm's Antique Armour Shop.
  2246 | D:2      | Reached XP level 5. HP: 26/33 MP: 5/5
  2564 | D:3      | Found a sacrificial altar of Ru.
  2584 | D:3      | Found a shimmering blue altar of Sif Muna.
  3007 | D:4      | Noticed an ogre
  3009 | D:4      | Noticed Grinder
  3018 | D:3      | Killed an ogre
  3019 | D:3      | Reached XP level 6. HP: 37/38 MP: 6/6
  3029 | D:4      | Killed Grinder
  3030 | D:4      | Reached skill level 5 in Axes
  3030 | D:4      | Reached XP level 7. HP: 24/44 MP: 7/7
  4206 | D:5      | Entered Level 5 of the Dungeon
  4239 | D:5      | Reached skill level 5 in Armour
  4416 | D:5      | Gained mutation: You are clumsy. (Dex -2) [potion of
                  | mutation]
  4416 | D:5      | Gained mutation: You have very sharp teeth. [potion of
                  | mutation]
  4417 | D:5      | Reached skill level 5 in Invocations
  4417 | D:5      | Reached XP level 8. HP: 43/48 MP: 7/12
  4631 | D:5      | Reached skill level 5 in Fighting
  4631 | D:5      | Reached XP level 9. HP: 42/54 MP: 13/13
  5987 | D:6      | Reached skill level 5 in Evocations
  6141 | D:6      | Found a transporter.
  6161 | D:6      | Found a staircase to the Ecumenical Temple.
  6174 | Temple   | Entered the Ecumenical Temple
  6375 | D:6      | Lost mutation: You are clumsy. (Dex -2) [potion of
                  | mutation]
  6375 | D:6      | Lost mutation: You have very sharp teeth. [potion of
                  | mutation]
  6375 | D:6      | Gained mutation: Your body sometimes deteriorates upon
                  | taking damage. [potion of mutation]
  6375 | D:6      | Gained mutation: You are partially covered in iridescent
                  | scales. (AC +2) [potion of mutation]
  6375 | D:6      | Gained mutation: Your muscles are strong. (Str +2) [potion
                  | of mutation]
  6785 | D:6      | Noticed a troll
  6802 | D:6      | Mangled by a troll

Illustrated notes

Levels and vault maps discovered:
D:1:      dpeg_arrival_signposts, layout_loops_ring, minmay_close_crescents
D:2:      layout_rooms
D:3:      layout_basic, mainiacjoe_overflow_catwalk_spiral, serial_shops,
          nicolae_square_shop, st_stairs_6, nrook_mini_vaults, minmay_rat_hole
D:4:      layout_cave_pools, serial_rivers, chequers_serial_rivers_micro_e,
          chequers_serial_rivers_room_a, chequers_serial_rivers_room_b,
          chequers_serial_rivers_micro_b, chequers_serial_rivers_small_a,
          chequers_serial_rivers_large_b, uniq_grinder
D:5:      minmay_skewed_foursquare, layout_cave_pods, serial_co_window_serial,
          co_window_paths_b, co_window_corner_a, co_window_cross_1,
          co_window_paths_b, co_window_corner_a, co_window_of_opportunity_b,
          co_window_broadway_a, co_window_of_opportunity_b,
          co_window_broadway_b, co_window_corner_ca, co_window_4corner_b,
          glass_columns_c, glass_columns_c, glass_columns_b
D:6:      layout_basic, minmay_temple_entry_glass,
          gammafunk_ghost_abyssal_escape, hangedman_feature_mirror,
          grunt_ministairs_7
Temple:   nicolae_temple_elliptical

Skill      XL: |  1  2  3  4  5  6  7  8  9 |
---------------+----------------------------+-----
Axes           | 2 3 4 5 7 8 |  8.3
Armour         | 4 7 8 |  8.2
Fighting       | 4 5 |  5.3
Shields        | 4 7 |  7.7
Invocations    | 5 6 |  6.2
Evocations     | 4 5 |  5.1

Action                   |  1- 3 |  4- 6 |  7- 9 || total
-------------------------+-------+-------+-------++-------
Melee: War axe           |    90 |    84 |   262 ||   436
       Bite              |       |       |    17 ||    17
  Use: Scroll            |     6 |     2 |     9 ||    17
       Potion            |       |     1 |     3 ||     4
Armor: Scale mail        |    39 |       |       ||    39
       Chain mail        |    11 |    50 |   167 ||   228
Dodge: Dodged            |    44 |    29 |   100 ||   173
Block: Buckler           |    23 |    23 |    87 ||   133

Table legend: (Time is in decaauts)
 A = Elapsed time spent in this place.
 B = Non-inter-level travel time spent in this place.
 C = Inter-level travel time spent in this place.
 D = Time resting spent in this place.
 E = Time spent auto-exploring this place.
 F = Levels seen in this place.
 G = Mean time per level.
                   A        B        C        D        E       F      G
               +--------+--------+--------+--------+--------+-----+--------+
         Total |   6958 |   6731 |    227 |   1055 |   4577 |   7 |  994.0 |
       Dungeon |   6772 |   6545 |    227 |   1055 |   4445 |   6 | 1128.7 |
        Temple |    185 |    185 |      0 |      0 |    132 |   1 |  185.0 |
               +--------+--------+--------+--------+--------+-----+--------+

Top non-repeatable levels by time:
     D:5: 1744 daAuts
     D:4: 1249 daAuts
     D:3: 1191 daAuts
     D:2: 1002 daAuts
     D:1: 891 daAuts
     D:6: 692 daAuts
  Temple: 185 daAuts
